 Dungeon Crawl Stone Soup version 0.22.0 (webtiles) character file.

18459 Gergoth the Severer (level 12, -4/165 HPs)
             Began as a Hill Orc Fighter on Aug 11, 2018.
             Was an Elder of the Shining One.
             Slain by a five-headed hydra (10 damage)
             ... on level 12 of the Dungeon.
             The game lasted 00:26:13 (15593 turns).

Gergoth the Severer (Hill Orc Fighter)             Turns: 15593, Time: 00:26:14

Health: -4/165     AC: 26    Str: 34    XL:     12   Next: 58%
Magic:  19/19      EV:  2    Int:  8    God:    the Shining One [****..]
Gold:   817        SH: 12    Dex: 10    Spells: 11/11 levels left

rFire    + . .     SeeInvis .   (no weapon)
rCold    + . .     Gourm    .   r - +2 shield of Resistance {rF+ rC+ MR+}
rNeg     + + +     Faith    .   (armour currently unavailable)
rPois    +         Spirit   .   (helmet currently unavailable)
rElec    .         Reflect  .   (cloak currently unavailable)
rCorr    .         Harm     .   (gloves currently unavailable)
MR       ++++.     NoTele   +   (boots currently unavailable)
Stlth    ..........             (no amulet)
HPRegen  0.37/turn              F - ring of protection from magic (curse)
MPRegen  0.16/turn              R - ring of Judual {MR++ Str+5 Stlth-}

@: mighty, tree-form, glowing
A: no striking features
a: Divine Shield, Cleansing Flame, Renounce Religion, Convert to Beogh


You were on level 12 of the Dungeon.
You worshipped the Shining One.
The Shining One was greatly pleased with you.
You were hungry.
You were a tree.
You visited 2 branches of the dungeon, and saw 13 of its levels.
You also visited: Ossuary and Ice Cave.

You collected 1255 gold pieces.
You spent 390 gold pieces at shops.
You donated 48 gold pieces to Zin.

Inventory:

Hand Weapons
 a - a +0 war axe
 I - the +10 spear "Daen" {freeze, rPois Int+9 Stlth+}
   (You found it on level 5 of the Dungeon)

   It has been specially enchanted to freeze those struck by it, causing extra
   injury to most foes and up to half again as much damage against particularly
   susceptible opponents.
   It can also slow down cold-blooded creatures.
   It affects your intelligence (+9).
   It protects you from poison.
   It makes you more stealthy.
Armour
 g - a +1 pair of gloves
 l - a +1 cloak (melded)
 r - the +2 shield of Resistance (worn) {rF+ rC+ MR+}
   (You found it on level 7 of the Dungeon)

   It protects you from fire.
   It protects you from cold.
   It affects your resistance to hostile enchantments.
 u - +0 ice dragon scales
 A - a +0 chain mail (melded)
 E - a +1 helmet of intelligence (melded)
 G - the +1 pair of gloves of Neanetwy (melded) {-Tele rN+ Str+3 Int+2}
   (You bought it in a shop on level 9 of the Dungeon)

   It affects your strength (+3).
   It affects your intelligence (+2).
   It protects you from negative energy.
   It prevents most forms of teleportation.
Jewellery
 n - an uncursed ring of flight
 y - a +2 ring of protection
 D - a +2 ring of evasion
 F - a cursed ring of protection from magic (left branch)
 M - a cursed ring of attention {unknown}
 N - an uncursed amulet of harm
 P - an uncursed ring of fire {unknown}
 Q - an uncursed ring of see invisible {unknown}
 R - the ring of Judual (right branch) {MR++ Str+5 Stlth-}
   (You found it in an ice cave)

   [ring of attention]

   It affects your strength (+5).
   It affects your resistance to hostile enchantments.
   It makes you less stealthy.
Wands
 B - a wand of polymorph (12)
 C - a wand of enslavement (23)
 H - a wand of digging (26)
 L - a wand of iceblast (10)
Scrolls
 b - a scroll of vulnerability {unknown}
 c - a scroll of enchant armour
 e - 4 scrolls of remove curse
 h - 4 scrolls of immolation
 i - 2 scrolls of amnesia {unknown}
 o - 2 scrolls of fear {unknown}
 p - a scroll of noise {unknown}
 s - 3 scrolls of teleportation
 w - 2 scrolls of blinking
 J - a scroll of silence {unknown}
 O - 2 scrolls of identify {@r1}
Potions
 d - a potion of might
 j - 6 potions of curing
 m - a potion of invisibility
 t - a potion of cancellation
 v - a potion of brilliance
Miscellaneous
 K - a lightning rod (2/4)
Comestibles
 f - 15 rations


   Skills:
 + Level 11.1 Fighting
 * Level 15.7 Axes
 - Level 10.0 Armour
 - Level 6.0 Dodging
 - Level 3.2 Shields
 + Level 9.7 Invocations


You had 11 spell levels left.
You didn't know any spells.
Your spell library contained the following spells:

 Spells                   Type           Power        Failure   Level  Hunger
 Magic Dart               Conj           #...         89%         1    ##.....
 Conjure Flame            Conj/Fire      #.......     99%         3    ####...
 Slow                     Hex            #.......     96%         2    ###....
 Throw Frost              Conj/Ice       #.....       96%         2    ###....
 Mephitic Cloud           Conj/Pois/Air  #.......     99%         3    ####...
 Summon Small Mammal      Summ           #...         89%         1    ##.....
 Blink                    Tloc           N/A          96%         2    ###....
 Freeze                   Ice            #...         89%         1    ##.....
 Summon Ice Beast         Ice/Summ       #.......     100%        4    #####..
 Ozocubu's Armour         Chrm/Ice       #.......     99%         3    ####...
 Call Imp                 Summ           #.......     96%         2    ###....
 Throw Icicle             Conj/Ice       #.......     100%        4    #####..
 Ignite Poison            Fire/Tmut/Pois #.......     99%         3    ####...
 Call Canine Familiar     Summ           #.......     99%         3    ####...
 Portal Projectile        Hex/Tloc       #.....       99%         3    ####...
 Shroud of Golubria       Chrm/Tloc      #.........   96%         2    ###....
 Force Lance              Conj/Tloc      #.......     100%        4    #####..
 Summon Lightning Spire   Summ/Air       #.......     100%        4    #####..
 Summon Guardian Golem    Hex/Summ       #.......     99%         3    ####...


Dungeon Overview and Level Annotations

Branches:
Dungeon (12/15)            Temple (1/1) D:6            Lair (0/6) D:8
    Orc (0/2) D:10

Altars:
Ashenzari
Cheibriados
Dithmenos
Elyvilon
Fedhas
Gozag
Hepliaklqana
Kikubaaqudgha
Makhleb
Nemelex Xobeh
Okawaru
Qazlal
Ru
Sif Muna
Trog
Uskayaw
Vehumet
Wu Jian
Xom
Yredelemnul
Zin
The Shining One

Shops:
D:9 ::[}[   D:11 (

Portals:
Labyrinth: D:12

Annotations:
D:5 3 runed doors, Anon1729's ghost, novice DsBe


Message History

Unknown command.
You feel better.
The killer bee stings you but does no damage. x2
A killer bee comes into view.
The killer bee stings you but does no damage.
The orc priest miscasts a cantrip.
You block the killer bee's attack.
You block the five-headed hydra's attack.
The five-headed hydra bites you but does no damage. x2
You block the five-headed hydra's attack.
The five-headed hydra bites you but does no damage.
The orc hits you with a trident.
* * * LOW HITPOINT WARNING * * *
You feel very mighty all of a sudden.
A killer bee comes into view.
The killer bee stings you but does no damage. x3
You block the killer bee's attack.
The five-headed hydra barely misses you.
The five-headed hydra bites you!
You die...

****,***,,,,,*####..#####..######
,*,*,,**,,,,,.(..................
*,,*,,**,,,,,...............)....
,***,***,,***#y.#####.).......###
,**,,***,,* #..* #.........# #
**,,,,*,,,* #..* #)........# #
*,,,,*,*,,* #.y* #.........# #
,,,,*,**,.####yo#####.........#*#
,,,*,,,,,∩.yyyyy♣..(...........,,
,,*,*,,,,....yyDy....(.......,,,,
**,**,,,,....yo#####..####..#****
***,,,,,.....y* #..# *..# *
*,,,,,.....,* #..# *,.# *
*,,,,,.....,* #..# *,,* *
*,,,,,....,,* #..# *,,* *
*,,,,,....,,****#..#***,,*****
*,,,,,,,,,,,,,,,,,,,,,,,,,,,,,


You could see a five-headed hydra, 13 killer bees, an orc priest and an orc.

Vanquished Creatures
  2 ice dragons (IceCv)
  Erica (D:8)
  2 two-headed ogres (D:8)
  An unseen horror (D:10)
  Joseph (D:8)
  2 ice statues (IceCv)
  A kobold demonologist (D:10)
  2 rime drakes (IceCv)
  2 hornets
  Grinder (D:3)
  6 slime creatures
  2 hippogriffs
  A spriggan (D:9)
  9 yaks
  Eustachio (D:5)
  A hungry ghost (D:10)
  2 wyverns
  A soldier ant (D:11)
  5 orc warriors
  2 sky beasts
  A swamp drake (D:10)
  15 ice beasts
  5 black bears
  7 phantoms
  8 ogres
  3 crocodiles
  A centaur (D:11)
  3 big kobolds
  6 bullfrogs
  3 elf zombies (Ossuary)
  A wyvern skeleton (D:11)
  A scorpion (D:5)
  A water moccasin skeleton (D:5)
  23 killer bees
  3 howler monkeys
  2 crimson imps
  2 bullfrog zombies
  5 centaur zombies
  A human zombie (Ossuary)
  8 orc priests
  6 hounds
  4 jellies
  2 bullfrog skeletons (D:10)
  12 orc wizards
  Natasha (thrice) (D:4)
  5 iguanas
  11 worker ants
  4 hound zombies
  A hound skeleton (D:4)
  3 mummies (Ossuary)
  A howler monkey zombie (D:7)
  A worker ant zombie (D:7)
  16 adders
  11 gnolls
  3 shadow imps
  2 oozes
  2 adder zombies (Ossuary)
  An adder skeleton (D:6)
  4 worms
  3 dart slugs
  A leopard gecko (D:7)
  40 orcs
  6 giant cockroaches
  10 goblins
  6 hobgoblins
  14 jackals
  6 quokkas
  2 ball pythons
  4 bats
  6 frilled lizards
  A gnoll zombie (Ossuary)
  2 goblin zombies (Ossuary)
  3 hobgoblin zombies (Ossuary)
  A jackal skeleton (D:7)
  2 jackal zombies (Ossuary)
  19 kobolds
  4 kobold zombies (Ossuary)
  An orc zombie (Ossuary)
  A quokka skeleton (D:4)
  8 quokka zombies
  11 rats
  3 rat zombies (Ossuary)
  2 fungi (D:8)
392 creatures vanquished.

Vanquished Creatures (others)
  An orc wizard (D:7)
  4 fungi (D:8)
5 creatures vanquished.

Grand Total: 397 creatures vanquished

Notes
Turn   | Place    | Note
-------+----------+-------------------------------------------
     0 | D:1      | Gergoth the Hill Orc Fighter began the quest for the Orb.
     0 | D:1      | Reached XP level 1. HP: 19/19 MP: 1/1
    93 | D:1      | Reached skill level 3 in Axes
    93 | D:1      | Reached XP level 2. HP: 26/27 MP: 2/2
   919 | D:2      | Reached XP level 3. HP: 33/33 MP: 3/3
   976 | D:2      | Reached skill level 1 in Dodging
  1389 | D:2      | Reached XP level 4. HP: 40/40 MP: 4/4
  1855 | D:3      | Noticed Grinder
  1860 | D:3      | Paralysed by Grinder for 3 turns
  1953 | D:3      | Paralysed by Grinder for 3 turns
  1965 | D:3      | Killed Grinder
  1965 | D:3      | Reached skill level 5 in Axes
  1965 | D:3      | Reached XP level 5. HP: 35/47 MP: 5/5
  1965 | D:3      | Reached XP level 6. HP: 40/53 MP: 6/6
  2349 | D:3      | Found an opulent altar of Gozag.
  2415 | D:3      | Reached skill level 5 in Armour
  2885 | D:4      | Reached XP level 7. HP: 53/60 MP: 7/7
  2994 | D:4      | Found a sand-covered staircase.
  3000 | Ossuary  | Entered an ossuary
  3122 | Ossuary  | Reached skill level 6 in Axes
  3296 | Ossuary  | Reached skill level 5 in Fighting
  3401 | Ossuary  | Reached XP level 8. HP: 42/68 MP: 8/8
  3742 | D:4      | Reached skill level 7 in Axes
  4013 | D:4      | Noticed a hippogriff
  4022 | D:4      | Killed a hippogriff
  4192 | D:4      | Found a deep blue altar of Sif Muna.
  4276 | D:4      | Noticed Natasha
  4286 | D:4      | Killed Natasha
  4433 | D:4      | Noticed Natasha
  4445 | D:4      | Killed Natasha
  4749 | D:4      | Noticed Natasha
  4766 | D:4      | Killed Natasha
  4823 | D:5      | Entered Level 5 of the Dungeon
  4848 | D:5      | Found a hazy altar of Hepliaklqana.
  4872 | D:5      | Reached skill level 8 in Axes
  4934 | D:5      | Found a burning altar of Makhleb.
  4936 | D:5      | Found a glowing silver altar of Zin.
  4936 | D:5      | Noticed an angel
  4937 | D:5      | Noticed a green death
  5163 | D:5      | Reached XP level 9. HP: 69/75 MP: 9/9
  5322 | D:5      | Noticed Eustachio
  5363 | D:5      | Killed Eustachio
  5363 | D:5      | Reached skill level 5 in Dodging
  5421 | D:5      | Got a steaming spear
  5451 | D:5      | Identified the +10 spear "Daen" {freeze, rPois Int+9 Stlth+} (You found it on level 5 of the Dungeon)
  5573 | D:5      | Found a runed gate.
  5573 | D:5      | Found a runed gate.
  5574 | D:5      | Found a runed gate.
  5595 | D:5      | Noticed Anon1729's ghost (novice DsBe)
  6051 | D:6      | Found a hide-covered altar of Uskayaw.
  6130 | D:6      | Found a staircase to the Ecumenical Temple.
  6150 | Temple   | Entered the Ecumenical Temple
  6657 | D:6      | Reached skill level 9 in Axes
  6862 | D:5      | Became a worshipper of Zin the Law-Giver
  6862 | D:5      | Reached * piety under Zin
  7615 | D:6      | Found a shimmering altar of Xom.
  7990 | D:7      | Reached ** piety under Zin
  8007 | D:7      | Reached skill level 1 in Invocations
  8240 | D:7      | Found the +2 shield of Resistance {rF+ rC+ MR+}
  8247 | D:7      | Reached skill level 10 in Axes
  8247 | D:7      | Reached XP level 10. HP: 73/86 MP: 11/11
  8741 | D:7      | Reached *** piety under Zin
  8968 | D:7      | Found a glowing golden altar of the Shining One.
  9104 | D:7      | Fell from the grace of Zin
  9104 | D:7      | Became a worshipper of the Shining One
  9104 | D:7      | Reached * piety under the Shining One
  9437 | D:8      | Noticed a two-headed ogre
  9447 | D:8      | Killed a two-headed ogre
  9481 | D:7      | Paralysed by a hornet for 1 turns
  9823 | D:8      | Reached skill level 11 in Axes
  9850 | D:8      | Noticed Joseph
  9872 | D:8      | Killed Joseph
  9912 | D:8      | Found a staircase to the Lair.
  9921 | D:8      | Reached skill level 10 in Armour
  9977 | D:8      | Noticed Erica
  9983 | D:8      | Noticed a two-headed ogre
  9997 | D:8      | Killed a two-headed ogre
  9997 | D:8      | Reached skill level 5 in Invocations
  9997 | D:8      | Reached XP level 11. HP: 34/95 MP: 14/14
 10051 | D:7      | Reached skill level 12 in Axes
 10390 | D:8      | Killed Erica
 10737 | D:9      | Found Gotoub's Antique Armour Shop.
 10737 | D:9      | Reached ** piety under the Shining One
 10747 | D:9      | Bought a shiny helmet for 172 gold pieces
 10747 | D:9      | Bought a pair of heavily runed gloves for 218 gold pieces
 10763 | D:9      | Identified the +1 pair of gloves of Neanetwy {-Tele rN+ Str+3 Int+2} (You bought it in a shop on level 9 of the Dungeon)
 10769 | D:9      | Found Huud's Book Boutique.
 10811 | D:9      | Found Xuic's Antique Armour Shoppe.
 10882 | D:9      | Found Houmeit's Gadget Emporium.
 10986 | D:9      | Found Plog's Book Boutique.
 11386 | D:9      | Found a white marble altar of Elyvilon.
 11532 | D:10     | Entered Level 10 of the Dungeon
 11640 | D:10     | Reached skill level 13 in Axes
 11797 | D:10     | Found a staircase to the Orcish Mines.
 12374 | D:10     | Noticed an unseen horror
 12384 | D:10     | Killed an unseen horror
 12503 | D:10     | Identified the Almanac of Scorching Displacement
 12648 | D:11     | Reached *** piety under the Shining One
 12881 | D:11     | Found a frozen archway.
 12922 | IceCv    | Entered an ice cave
 12930 | IceCv    | Reached skill level 10 in Fighting
 12932 | IceCv    | Reached skill level 14 in Axes
 13586 | IceCv    | Reached XP level 12. HP: 98/106 MP: 18/18
 13903 | IceCv    | Noticed an ice dragon
 13903 | IceCv    | Noticed an ice dragon
 13924 | IceCv    | Killed an ice dragon
 13924 | IceCv    | Killed an ice dragon
 14321 | IceCv    | Got a slimy turquoise ring
 14324 | IceCv    | Identified the ring of Judual {MR++ Str+5 Stlth-} (You found it in an ice cave)
 14412 | IceCv    | Reached skill level 15 in Axes
 14975 | D:11     | Found Rani's Antique Weapon Shop.
 15582 | D:12     | Noticed a five-headed hydra
 15582 | D:12     | Reached **** piety under the Shining One
 15583 | D:12     | Found a labyrinth entrance.
 15591 | D:12     | HP: 5/165 [five-headed hydra (5)]
 15593 | D:12     | Slain by a five-headed hydra

Skill      XL: |  1  2  3  4  5  6  7  8  9 10 11 12 |
---------------+-------------------------------------+-----
Axes           | 3 5 6 8 10 11 14 15 | 15.7
Dodging        | 1 2 3 4 6 |  6.0
Armour         | 4 5 6 7 8 10 | 10.0
Fighting       | 4 5 6 7 8 10 11 | 11.1
Invocations    | 1 5 8 9 |  9.7
Shields        | |  3.2

Action                   |  1- 3 |  4- 6 |  7- 9 | 10-12 || total
-------------------------+-------+-------+-------+-------++-------
Melee: War axe           |   113 |   163 |   648 |   672 ||  1596
       Unarmed           |       |       |       |     2 ||     2
Invok: Recite            |       |       |     2 |     1 ||     3
Evoke: Lightning rod     |       |       |       |     2 ||     2
  Use: Potion            |       |     1 |     4 |     8 ||    13
       Scroll            |       |       |    15 |    11 ||    26
 Stab: Confused          |       |       |       |     1 ||     1
  Eat: Chunk             |     2 |     5 |    15 |    14 ||    36
       Ration            |       |       |     1 |     3 ||     4
Armor: Scale mail        |    63 |    54 |       |       ||   117
       Chain mail        |       |    10 |   319 |   265 ||   594
       Skin              |       |       |       |    28 ||    28
Dodge: Dodged            |    40 |    50 |   235 |   280 ||   605
Block: Shield            |    63 |    88 |   312 |   381 ||   844
